 Dungeon Crawl Stone Soup version 0.29.1-13-g9f3cf754e1 (webtiles) character file.

Game seed: 11544175880895913670

53 croobank the Conjurer (level 3, -2/26 HPs)
             Began as a Demonspawn Conjurer on Feb 5, 2023.
             Slain by Robin
             ... wielding a +0 whip
              (4 damage)
             ... on level 2 of the Dungeon.
             The game lasted 00:04:08 (1716 turns).

croobank the Conjurer (Demonspawn Conjurer)         Turns: 1716, Time: 00:04:09

Health: -2/26      AC:  2    Str:  7    XL:     3   Next: 62%
Magic:  1/6        EV: 12    Int: 21    God:
Gold:   36         SH:  0    Dex: 11    Spells: 0/6 levels left

rFire   . . .      SeeInvis .   d - +0 dagger
rCold   . . .      Faith    .   (no shield)
rNeg    . . .      Spirit   .   a - +0 robe
rPois   .          Reflect  .   (no helmet)
rElec   .          Harm     .   (no cloak)
rCorr   .          Rampage  .   (no gloves)
Will    .....                   (no boots)
Stlth   ++........              (no amulet)
HPRegen 0.08/turn               (no ring)
MPRegen 0.10/turn               (no ring)

@: brilliant
A: powered by death 1, powered by pain 1
a: no special abilities


You were on level 2 of the Dungeon.
You visited 1 branch of the dungeon, and saw 2 of its levels.

You collected 36 gold pieces.

Inventory:

Hand Weapons
 d - a +0 dagger (weapon)
Missiles
 h - 6 poisoned darts
Armour
 a - a +0 robe (worn)
Scrolls
 b - a scroll of teleportation {unknown}
 c - a scroll of vulnerability {unknown}
 f - a scroll of blinking {unknown}
Potions
 e - a potion of brilliance
 g - a potion of flight


   Skills:
 * Level 1.0 Fighting
 + Level 2.2 Dodging
 + Level 2.4 Stealth
 + Level 2.3 Spellcasting
 + Level 4.2 Conjurations
 + Level 0.3 Hexes


You couldn't memorise any spells.
You knew the following spells:

 Your Spells              Type           Power      Damage    Failure   Level
a - Magic Dart            Conj           100%       1d8       2%          1
b - Searing Ray           Conj           60%        2d6       3%          2
c - Dazzling Flash        Conj/Hex       36%        N/A       17%         3

Your spell library contained the following spells:

 Spells                   Type           Power      Damage    Failure   Level
 Fulminant Prism          Conj/Hex       9%         3d7       50%         4
 Iskenderun's Mystic Bla  Conj/Tloc      17%        2d5       52%         4


Dungeon Overview and Level Annotations

Branches:
Dungeon (2/15)

Altars:

Annotations:
D:2 Robin


Innate Abilities, Weirdness & Mutations

You regenerate a little health from kills.
You sometimes gain a little power by taking damage.


Message History

You kill the goblin!
Robin closely misses you.
Your Fighting skill increases to level 1!
You hit Robin but do no damage.
Robin is lightly wounded.
Robin closely misses you.
You hit Robin but do no damage.
Robin is lightly wounded.
A goblin comes into view. It is wielding a +0 club.
Robin throws the goblin at you!
The goblin shouts!
You hit the goblin.
The goblin is severely wounded.
The goblin hits you with a +0 club. Robin hits you with a +0 whip.
* * * LOW HITPOINT WARNING * * *
You hit the goblin but do no damage.
The goblin is severely wounded.
Robin closely misses you.
A goblin comes into view. It is wielding a +0 vampiric dagger.
The goblin hits you with a +0 club.
* * * LOW HITPOINT WARNING * * *
Casting: Searing Ray (safe; 3% risk of failure)
Confirm with . or Enter, or press ? or * to list all spells.
Aiming: Magic Dart (safe; 2% risk of failure)
Press: ? - help, Shift-Dir - straight line, f - Robin
Aim: Robin, wielding a +0 whip, wearing a +0 animal skin and wearing a +0 helmet (lightly wounded, 100% to hit)
The magic dart hits Robin but does no damage.
Robin is lightly wounded.
The goblin hits you with a +0 club.
* * * LOW HITPOINT WARNING * * *
It was a potion of brilliance.
You feel clever all of a sudden.
A goblin comes into view. It is wielding a +0 club.
The goblin misses you.
Robin roars a battlecry!
The goblin goes into a battle-frenzy!
You hit the goblin.
You kill the goblin!
Robin hits you with a +0 whip.
You die...

.........#.....###.#
#.#
........######.###.#
#.# ###.†.... ..
#...).###.##
.##.....##
#.##...###.#.#
.##.....#
#.........#.##
.#.....#
####...##.#.# ## ..#
##.###.#.# #)# #.#.#
#@# #.#.# #g# #†#.#
#)†gg# #.#.#
.....#### #...# ...†
###


You could see Robin and 2 goblins.

Vanquished Creatures
  3 ball pythons
  4 bats (D:1)
  4 endoplasms
  9 goblins
  8 hobgoblins
  3 jackals (D:1)
  2 quokkas (D:2)
  2 frilled lizards (D:1)
  7 kobolds
  3 rats
45 creatures vanquished.

Vanquished Creatures (others)
  A fungus (D:2)
  A plant (D:2)
2 creatures vanquished.

Grand Total: 47 creatures vanquished

Notes
Turn   | Place    | Note
-------+----------+-------------------------------------------
     0 | D:1      | croobank the Demonspawn Conjurer began the quest for the
                  | Orb.
     0 | D:1      | Reached XP level 1. HP: 13/13 MP: 3/3
   209 | D:1      | Gained mutation: You regenerate a little health from kills.
                  | [demonic ancestry]
   209 | D:1      | Reached XP level 2. HP: 19/19 MP: 1/5
   421 | D:1      | Learned a level 2 spell: Searing Ray
   858 | D:1      | Gained mutation: You sometimes gain a little power by
                  | taking damage. [demonic ancestry]
   858 | D:1      | Reached XP level 3. HP: 11/24 MP: 1/6
   862 | D:1      | Learned a level 3 spell: Dazzling Flash
  1698 | D:2      | Noticed Robin
  1710 | D:2      | Reached skill level 1 in Fighting
  1716 | D:2      | Slain by Robin

Illustrated notes

Levels and vault maps discovered:
D:1:      dpeg_arrival_tiny_e, layout_basic
D:2:      layout_loops_ring, shapermc_ecumenical_altar_rom_forum, uniq_robin

Skill      XL: |  1  2  3 |
---------------+----------+-----
Stealth        | 2 |  2.4
Dodging        | 2 |  2.2
Fighting       | 1 |  1.0
Spellcasting   | |  2.3
Conjurations   | |  4.2
Hexes          | |  0.3

Action                   || total
-------------------------++-------
Melee: Dagger            ||    46
       Punch             ||     2
 Cast: Magic Dart        ||    53
       Searing Ray       ||     9
  Use: Potion            ||     3
Armor: Robe              ||     3
Dodge: Dodged            ||    37
